Map: Overgrown Facility

Players

OpuS - Winner!

  • Race: Protoss Protoss
  • League: Platinum
  • Spawn Location: 1:00

Sketchaphone - Winner!

  • Race: Zerg Zerg
  • League: Platinum
  • Spawn Location: 3:00

Fingon

  • Race: Protoss Protoss
  • League: Gold
  • Spawn Location: 9:00

Turgon

  • Race: Zerg Zerg
  • Spawn Location: 7:00

VOD

Have the link to the VOD?

Description

Time

  • Played on: Feb. 12, 2019, 8:14 p.m.
  • Length: 11:27
Show
View Real Time Build Order
Export as new Build Order

OpuS Protoss - Winner!

Build Orders: Oracle Opening 

Get SALT Encoding   

  12  0:01  Probe  
  13  0:13  Probe  
  14  0:24  Pylon  
  14  0:25  Probe  
  15  0:42  Probe  
  16  0:46  Gateway  
  16  0:52  Assimilator  
  16  0:54  Probe  
  17  1:03  Probe  
  18  1:11  Probe  
  19  1:26  Probe  
  20  1:33  Cybernetics Core  
  20  1:34  Zealot  
  20  1:38  Probe  
  22  1:41  Pylon  
  23  1:58  Probe  
  24  2:08  Probe  
  24  2:14  Nexus  
  25  2:16  Probe  
  25  2:24  Assimilator  
  25  2:25  Probe  
  26  2:30  Zealot  
  28  2:41  Gateway  
  28  2:42  Warp Gate  
  28  2:47  Stargate  
  28  3:00  Gateway  
  28  3:08  Pylon  
  28  3:12  Zealot  
  30  3:21  Oracle  
  30  3:27  Gateway  
  33  3:44  Twilight Council  
  33  3:47  Probe x2  
  35  3:53  Zealot  
  37  3:58  Void Ray  
  41  4:12  Probe  
  42  4:18  Pylon  
  42  4:27  Charge  
  42  4:30  Probe  
  42  4:31  Probe  
  40  4:49  Stalker  
  40  4:50  Stalker x2  
  44  4:53  Pylon  
  44  4:59  Shield Battery  
  44  5:21  Stalker x3  
  44  5:27  Probe x2  
  52  5:39  Probe  
  53  5:42  Zealot  
  53  5:44  Zealot  
  53  5:46  Zealot x2  
  61  5:51  Probe x2  
  61  5:54  Pylon  
  63  6:05  Probe x2  
  63  6:08  Pylon, Blink  
  65  6:22  Zealot  
  65  6:24  Zealot x2  
  71  6:35  Void Ray  
  71  6:36  Probe x2  
  77  6:46  Stargate  
  77  6:48  Probe x2  
  77  6:58  Zealot x3  
  77  6:59  Zealot  
  83  7:24  Stalker  
  85  7:32  Pylon  
  85  7:35  Pylon, Probe  
  85  7:37  Pylon  
  85  7:38  Void Ray  
  85  7:39  Pylon  
  85  7:43  Assimilator  
  84  7:47  Assimilator  
  84  7:53  Nexus  
  80  8:03  Pylon  
  80  8:04  Void Ray  
  84  8:06  Protoss Air Weapons Level 1  
  84  8:07  Pylon  
  82  8:17  Void Ray  
  84  8:27  Probe  
  84  8:28  Probe  
  82  8:39  Stalker x2, Probe  
  82  8:41  Zealot x2  
  89  8:46  Gateway  
  89  8:47  Gateway  
  89  8:49  Probe  
  89  8:51  Probe  
  91  9:01  Probe  
  92  9:03  Stalker x2, Probe  
  92  9:08  Stalker  
  97  9:10  Stalker  
  97  9:12  Probe  
  97  9:16  Probe x2  
  97  9:24  Probe  
  97  9:28  Probe  
  97  9:29  Probe  
  99  9:36  Void Ray  
  103  9:47  Void Ray  
  103  9:51  Probe, Fleet Beacon  
  103  9:52  Probe x2  
  110  10:03  Probe  
  111  10:07  Probe x2  
  113  10:16  Probe  
  113  10:18  Assimilator, Void Ray  
  113  10:20  Assimilator  
  116  10:38  Probe x2  
  116  10:39  Probe  
  119  10:50  Stargate x2  
  119  10:51  Zealot  
  119  10:54  Zealot x4  
  119  10:55  Zealot  
  131  11:16  Stalker x4  
  131  11:17  Stalker x2  
  143  11:24  Gateway  
  143  11:26  Gateway  
Show
View Real Time Build Order
Export as new Build Order

Sketchaphone Zerg - Winner!

Build Orders: Hatch First 

Get SALT Encoding   

  12  0:02  Drone  
  13  0:18  Overlord  
  13  0:21  Drone  
  14  0:23  Extractor  
  14  0:24  Drone  
  15  0:38  Drone  
  16  0:47  Drone  
  17  1:01  Hatchery  
  17  1:02  Drone  
  17  1:07  Drone  
  18  1:19  Spawning Pool  
  18  1:23  Drone  
  18  1:26  Drone  
  18  1:27  Extractor  
  18  1:34  Drone  
  19  1:45  Drone  
  20  2:05  Queen, Hatchery  
  21  2:10  Zergling x2  
  22  2:20  Drone  
  22  2:22  Overlord  
  23  2:26  Drone  
  24  2:37  Spine Crawler  
  24  2:40  Metabolic Boost  
  23  2:49  Queen  
  25  2:54  Drone  
  26  3:04  Drone  
  26  3:05  Overlord  
  27  3:12  Drone  
  28  3:14  Drone x2  
  28  3:17  Drone  
  31  3:20  Zergling x2  
  31  3:24  Drone x2  
  33  3:56  Roach Warren  
  33  3:57  Overlord  
  33  4:00  Zergling x18  
  41  4:18  Overlord  
  41  4:24  Overlord  
  41  4:31  Queen  
  41  4:35  Drone  
  41  4:37  Roach x4  
  52  4:39  Spore Crawler  
  51  4:48  Overlord  
  51  4:53  Drone x5  
  51  4:58  Spore Crawler  
  55  5:03  Spore Crawler  
  54  5:12  Spore Crawler  
  53  5:17  Drone  
  54  5:22  Roach x4  
  62  5:32  Evolution Chamber  
  62  5:33  Roach x2  
  65  5:45  Overlord  
  65  5:48  Roach x2  
  69  5:53  Evolution Chamber  
  68  6:06  Roach x5  
  77  6:11  Pneumatized Carapace  
  77  6:22  Zergling x4  
  77  6:23  Roach x2  
  77  6:24  Zergling x2  
  57  6:56  Roach x5  
  57  6:59  Overlord  
  57  7:00  Zergling x4  
  68  7:15  Roach x2  
  72  7:19  Roach  
  70  7:32  Roach  
  71  7:51  Roach x2  
  73  7:55  Drone x2  
  73  7:56  Drone x3  
  74  8:00  Drone  
  74  8:04  Drone  
  67  8:21  Roach  
  67  8:27  Roach x3  
  67  8:30  Drone  
  67  8:33  Overlord  
  70  8:52  Roach, Zergling x8  
  74  9:07  Zergling x4  
  74  9:08  Zergling x6  
  77  9:15  Drone  
  77  9:16  Drone x2  
  80  9:36  Drone x2  
  80  9:37  Overlord  
  80  9:38  Overlord  
  81  9:58  Lair  
  81  10:00  Queen  
  81  10:01  Drone  
  82  10:20  Queen  
  83  10:21  Drone x3  
  83  10:22  Drone x8  
  84  10:41  Zergling x10  
  84  10:42  Zergling x6  
  81  10:50  Zergling x6  
  81  10:57  Zergling x4  
  82  11:08  Spire, Drone x4  
  85  11:17  Hatchery, Extractor  
  85  11:19  Extractor  
  85  11:20  Extractor  
Show
View Real Time Build Order
Export as new Build Order

Fingon Protoss 

Build Orders: 1 Gate Expand, Oracle Opening 

Get SALT Encoding   

  12  0:02  Probe  
  13  0:17  Pylon  
  13  0:18  Probe  
  14  0:30  Probe  
  15  0:39  Gateway  
  16  0:42  Probe  
  16  1:14  Nexus  
  16  1:20  Assimilator  
  16  1:31  Cybernetics Core  
  16  1:33  Probe  
  17  1:45  Probe  
  17  1:54  Assimilator  
  17  1:57  Probe  
  18  2:05  Warp Gate  
  18  2:10  Probe  
  18  2:11  Gateway  
  19  2:23  Probe  
  19  2:29  Adept  
  20  2:43  Probe  
  23  2:47  Pylon  
  23  2:50  Probe  
  24  2:54  Adept  
  24  2:55  Sentry  
  24  3:04  Probe  
  29  3:06  Probe  
  30  3:20  Stargate  
  30  3:34  Probe  
  31  3:46  Probe  
  31  3:47  Probe  
  33  3:51  Pylon  
  33  3:56  Gateway, Oracle  
  36  4:15  Gateway  
  36  4:16  Probe  
  37  4:20  Stalker x2  
  41  4:38  Probe  
  39  4:48  Probe  
  39  4:52  Stalker x2  
  44  5:06  Probe  
  44  5:13  Phoenix  
  44  5:18  Probe  
  45  5:24  Probe  
  48  5:30  Probe  
  49  5:36  Probe  
  49  5:41  Stalker  
  53  5:42  Probe  
  53  5:48  Probe  
  54  6:20  Probe x2  
  54  6:21  Void Ray  
  48  6:25  Stalker  
  48  6:26  Stalker x3  
  52  6:33  Probe  
  53  6:45  Probe  
  43  6:51  Stalker x3  
  45  6:57  Probe  
  43  7:09  Probe  
  44  7:17  Stalker  
  46  7:27  Pylon  
  46  7:29  Pylon  
  46  7:35  Pylon  
  46  7:37  Probe  
  39  7:46  Stalker x3  
  39  7:47  Stalker  
  39  7:49  Probe  
  48  8:02  Probe  
  48  8:04  Probe  
  50  8:12  Void Ray  
  50  8:14  Probe  
  55  8:25  Stalker x2  
  55  8:34  Zealot x2  
  45  9:01  Stalker  
  45  9:02  Stalker x3  
  53  9:13  Oracle  
  53  9:18  Probe  
  53  9:19  Probe  
  58  9:24  Assimilator  
  58  9:28  Forge, Assimilator  
  59  9:31  Probe  
  58  9:39  Probe  
  58  9:43  Probe  
  58  9:45  Stalker x2  
  64  9:55  Probe  
  65  10:06  Probe  
  69  10:15  Pylon  
  69  10:17  Pylon  
  69  10:18  Probe  
Show
View Real Time Build Order
Export as new Build Order

Turgon Zerg 

Build Orders: Hatch First 

Get SALT Encoding   

  12  0:02  Drone  
  13  0:13  Overlord  
  13  0:19  Drone  
  14  0:34  Drone x2  
  16  0:40  Drone  
  17  1:06  Hatchery, Drone  
  17  1:07  Drone  
  18  1:12  Extractor  
  17  1:23  Spawning Pool  
  16  1:42  Drone x2  
  16  1:43  Drone  
  19  1:58  Overlord  
  19  2:11  Queen  
  21  2:22  Metabolic Boost  
  21  2:23  Queen  
  21  2:29  Drone x3  
  26  2:31  Drone  
  27  2:47  Overlord  
  27  2:53  Zergling x4  
  27  2:57  Lair  
  29  3:02  Drone  
  29  3:23  Extractor  
  29  3:26  Evolution Chamber, Drone x2  
  29  3:27  Drone x2  
  29  3:28  Drone x4  
  35  3:45  Overlord x2  
  35  3:46  Zergling x2  
  36  3:57  Zerg Melee Weapons Level 1  
  36  4:13  Drone x3  
  37  4:36  Hatchery  
  36  4:48  Spore Crawler  
  36  4:50  Spore Crawler  
  36  4:52  Drone x4  
  38  4:53  Drone x4  
  38  4:58  Zergling x2  
  38  4:59  Zergling x8  
  46  5:09  Extractor  
  46  5:13  Roach Warren  
  44  5:19  Zergling x14  
  51  5:29  Drone x3  
  54  5:37  Drone  
  55  5:53  Glial Reconstitution  
  55  5:59  Overlord  
  57  6:11  Roach  
  57  6:12  Roach x4  
  65  6:26  Roach x4  
  70  6:41  Roach  
  61  6:55  Roach  
  61  6:56  Roach x2  
  42  7:25  Roach x3  
  42  7:28  Roach  
  42  7:29  Roach x2  
  37  7:45  Roach x4  
  23  8:09  Roach x3  
  27  8:36  Spawning Pool  
  27  8:37  Drone  
  27  8:44  Drone x2  
  29  8:49  Ravager x4  
  29  8:50  Ravager x2  
  35  9:30  Queen  
  35  9:31  Hatchery  
  36  9:40  Zergling x6  
  39  10:10  Lair  
  30  10:56  Zergling x6  
  30  10:57  Zergling x10  
Tags
 
Add a new tag
Caveats
  • Supply blocks, unpowered buildings, or Contaminate may cause inaccurate times.
  • Supply counts are checked every 10 seconds.